 Dungeon Crawl Stone Soup version 0.26.1-10-gdfb7c7de75 (webtiles) character file.

Game seed: 15187715778061441648

114 DearestLeader the Chiller (level 4, -4/30 HPs)
             Began as a Merfolk Ice Elementalist on Apr 6, 2021.
             Killed from afar by an orc wizard (8 damage)
             ... with a puff of flame
             ... on level 3 of the Dungeon.
             The game lasted 00:05:33 (3355 turns).

DearestLeader the Chiller (MfIE)                    Turns: 3355, Time: 00:05:33

Health: -4/30      AC:  2    Str:  8    XL:     4   Next: 97%
Magic:  4/7        EV: 13    Int: 15    God:
Gold:   176        SH:  5    Dex: 14    Spells: 0/7 levels left

rFire    . . .     SeeInvis .   b - +0 whip
rCold    . . .     Faith    .   (no shield)
rNeg     . . .     Spirit   .   a - +0 robe
rPois    .         Reflect  +   (no helmet)
rElec    .         Harm     .   (no cloak)
rCorr    .         Rampage  .   (no gloves)
Will     .....                  (no boots)
Stlth    ++........             e - amulet of reflection
HPRegen  0.10/turn              (no ring)
MPRegen  0.10/turn              (no ring)

@: frozen ramparts
A: change form in water, swift swim, stealthy swim
a: no special abilities


You were on level 3 of the Dungeon.
You visited 1 branch of the dungeon, and saw 3 of its levels.

You collected 176 gold pieces.

Inventory:

Hand Weapons
 b - a +0 whip (weapon)
 n - a +0 hunting sling
Missiles
 f - 8 poisoned darts (quivered)
 g - 24 sling bullets
Armour
 a - a +0 robe (worn)
Jewellery
 e - an amulet of reflection (around neck)
 k - an uncursed amulet of regeneration {unknown}
Scrolls
 c - 3 scrolls of remove curse {unknown}
 d - a scroll of teleportation
 j - 2 scrolls of identify {unknown}
 m - 2 scrolls of noise {unknown}
 o - a scroll of fog {unknown}
Potions
 h - a potion of degeneration {unknown}
 i - a potion of ambrosia {unknown}
 l - a potion of attraction {unknown}
 p - 2 potions of flight {unknown}


   Skills:
 - Level 2.6 Dodging
 - Level 2.1 Stealth
 - Level 2.0 Spellcasting
 * Level 6.7 Ice Magic


You couldn't memorise any spells.
You knew the following spells:

 Your Spells              Type           Power        Failure   Level
a - Freeze                Ice            84%          1%          1
b - Frozen Ramparts       Ice            42%          4%          3
c - Ozocubu's Armour      Ice            21%          4%          3

Your spell library contained the following spells:

 Spells                   Type           Power        Failure   Level
 Hailstorm                Conj/Ice       11%          50%         4
 Summon Ice Beast         Ice/Summ       11%          50%         4


Dungeon Overview and Level Annotations

Branches:
Dungeon (3/15)

Altars:
Cheibriados


Message History

Press: ? - help, Dir - look around, f - activate The walls around you are covered in ice.
The wall freezes the orc wizard.
The orc wizard points at you and mumbles some strange words.
The puff of flame hits you!
* * * LOW HITPOINT WARNING * * *
You completely miss the orc wizard.
The orc wizard is moderately wounded.
The wall freezes the orc.
You block the orc's attack.
The wall freezes the orc wizard. x2
The orc wizard hits you but does no damage.
Unknown command.
You barely miss the orc wizard.
The orc wizard is severely wounded.
The wall freezes the orc.
The orc hits you with a +0 hand axe.
* * * LOW HITPOINT WARNING * * *
You block the orc wizard's attack.
The wall freezes the orc wizard.
The orc wizard casts a spell at you. The puff of flame hits you!
You die...

#.......###.####.##....
#######.# #.# #.##.... ###.#
#.# #.##....
..#.###.####+##....
##.#.#.........#....
....#.#.##....###..
######.###.#.......# ###
......o###.#.#.....# #
#...o@##.#.#.....# #
###...o.##.#.#.....# #
........##.#.#.....# #
###.....##.#.#.##### #
...........#.#.# ##
#.#########.#######.#.########.
....................(........#.
#...........................#.
#............≈≈≈...........)..


You could see 2 orc wizards and an orc.

Vanquished Creatures
  An ooze (D:1)
  5 worms
  4 dart slugs
  3 leopard geckos
  6 orcs (D:3)
  6 giant cockroaches
  9 goblins
  9 hobgoblins
  3 jackals (D:3)
  A quokka (D:2)
  7 bats
  4 frilled lizards
  11 kobolds
  4 rats (D:1)
73 creatures vanquished.

Notes
Turn   | Place    | Note
-------+----------+-------------------------------------------
     0 | D:1      | DearestLeader the Merfolk Ice Elementalist began the quest
                  | for the Orb.
     0 | D:1      | Reached XP level 1. HP: 13/13 MP: 3/3
    82 | D:1      | Reached XP level 2. HP: 4/19 MP: 1/5
   356 | D:1      | Reached skill level 5 in Ice Magic
  1187 | D:1      | Reached XP level 3. HP: 24/24 MP: 1/6
  1191 | D:1      | Learned a level 3 spell: Frozen Ramparts
  1995 | D:2      | Reached skill level 6 in Ice Magic
  2101 | D:2      | Reached XP level 4. HP: 30/30 MP: 5/7
  2106 | D:2      | Learned a level 3 spell: Ozocubu's Armour
  2611 | D:3      | Found a snail-covered altar of Cheibriados.
  3355 | D:3      | Killed from afar by an orc wizard

Illustrated notes

Levels and vault maps discovered:
D:1:      scummos_arrival_star, layout_loops_ring
D:2:      layout_basic, serial_curves, eino_curves_02, eino_curves_02,
          minmay_surrounded
D:3:      layout_basic, kennysheep_slug_shrine, chequers_garden, st_stairs_4,
          kennysheep_generic_room_7

Skill      XL: |  1  2  3 |
---------------+----------+-----
Ice Magic      | 5 6 |  6.7
Dodging        | |  2.6
Stealth        | |  2.1
Spellcasting   | |  2.0

Action                   |  1- 3 |  4- 6 || total
-------------------------+-------+-------++-------
Melee: Whip              |    87 |    48 ||   135
 Cast: Freeze            |    24 |    14 ||    38
       Frozen Ramparts   |     3 |     9 ||    12
  Use: Scroll            |     1 |       ||     1
       Potion            |       |     1 ||     1
 Stab: Sleeping          |     5 |     2 ||     7
Armor: Robe              |    12 |    16 ||    28
Dodge: Dodged            |    68 |    59 ||   127
Block: Other             |    12 |    19 ||    31
       Reflection        |     4 |     1 ||     5
